Map: Blackburn LE

Players

HeroMarine - Winner!

  • Race: Terran Terran
  • League: Grandmaster

Reynor

  • Race: Zerg Zerg
  • League: Master

Event: ASUS ROG Fall 2021

VOD

Have the link to the VOD?

Description

Time

  • Played on: Sept. 19, 2021, 10:05 a.m.
  • Length: 16:26

All games in this series

Show
View Real Time Build Order
Export as new Build Order

HeroMarine Terran - Winner!

Build Orders: Reaper Expand 

Get SALT Encoding   

  12  0:00  SCV  
  13  0:12  SCV  
  14  0:16  Supply Depot  
  14  0:24  SCV  
  15  0:38  SCV  
  15  0:39  Barracks  
  16  0:43  Refinery  
  16  0:50  SCV  
  17  1:02  SCV  
  18  1:14  SCV  
  19  1:26  Reaper  
  19  1:27  Orbital Command  
  20  1:40  Command Center  
  20  1:49  Supply Depot  
  20  1:52  SCV  
  21  1:58  Marine  
  22  2:04  SCV  
  23  2:08  Factory  
  23  2:16  Marine, SCV  
  25  2:28  SCV  
  26  2:42  Command Center  
  26  2:43  SCV  
  27  2:48  Barracks Reactor  
  27  2:53  Orbital Command  
  27  2:56  SCV  
  28  3:04  Starport  
  28  3:08  SCV  
  28  3:10  Refinery  
  29  3:19  SCV  
  30  3:20  SCV  
  31  3:27  Hellion x2  
  31  3:30  Marine  
  31  3:32  SCV x2  
  38  3:41  Viking  
  40  3:44  Refinery, SCV  
  40  3:45  SCV  
  42  3:51  Hellion x2  
  46  3:56  Orbital Command  
  46  3:59  SCV  
  46  4:00  SCV  
  46  4:11  SCV  
  46  4:12  SCV  
  46  4:14  Barracks Tech Lab  
  48  4:18  Liberator  
  48  4:21  SCV  
  48  4:23  SCV  
  53  4:24  SCV  
  53  4:31  Supply Depot  
  54  4:33  SCV, Stimpack  
  54  4:35  SCV  
  54  4:37  SCV  
  57  4:40  Barracks, Factory Reactor  
  57  4:43  Barracks  
  57  4:45  SCV  
  57  4:47  SCV  
  57  4:50  SCV  
  57  4:51  Marine  
  61  4:53  Supply Depot  
  62  5:02  SCV x2, Starport Reactor  
  62  5:06  Engineering Bay  
  63  5:07  Engineering Bay  
  63  5:08  Supply Depot  
  63  5:12  Marine  
  63  5:13  Orbital Command  
  64  5:14  SCV  
  64  5:15  SCV  
  66  5:24  Barracks x2  
  66  5:26  SCV  
  66  5:27  SCV  
  66  5:28  Factory Reactor  
  68  5:29  Marine x3  
  68  5:34  Terran Infantry Armor Level 1, Terran Infantry Weapons Level 1  
  71  5:39  SCV x2  
  71  5:40  Supply Depot, SCV  
  71  5:42  Supply Depot  
  74  5:43  Marine x2  
  74  5:47  Marine x2  
  74  5:49  Marine  
  79  5:51  SCV x2  
  79  5:52  Supply Depot  
  81  5:57  Medivac x2  
  81  6:01  Marine, SCV  
  81  6:03  Supply Depot  
  87  6:05  SCV  
  87  6:06  Supply Depot, SCV  
  89  6:12  Barracks Reactor, Marine, Combat Shield  
  89  6:13  Marine x3, Barracks Reactor  
  89  6:15  SCV  
  94  6:18  SCV x2  
  94  6:19  Refinery  
  94  6:21  Marine  
  94  6:22  Refinery  
  97  6:27  SCV  
  97  6:29  Medivac  
  97  6:30  Marine x2  
  97  6:31  Marine x2  
  97  6:32  Medivac  
  106  6:35  SCV  
  106  6:36  SCV  
  106  6:39  Marine, SCV, Widow Mine x2  
  113  6:48  Marine x5, SCV x2  
  113  6:49  Marine x3  
  113  6:51  Supply Depot  
  123  6:57  Marine  
  120  7:04  SCV x2  
  120  7:05  SCV  
  120  7:06  Marine x2  
  125  7:11  Factory  
  125  7:12  Marine x5  
  125  7:14  Armory  
  127  7:19  Marine  
  127  7:20  Marine  
  129  7:24  Marine x2  
  129  7:25  Widow Mine  
  133  7:31  Marine x4, Widow Mine, Medivac  
  133  7:33  Supply Depot  
  133  7:34  Supply Depot  
  141  7:49  Marine  
  141  7:51  Marine x2  
  141  7:52  Marine, Command Center  
  141  7:55  Marine x4, Widow Mine x2, Factory Reactor  
  141  7:56  Marine, Supply Depot  
  137  8:06  Marine  
  137  8:08  Medivac x2  
  137  8:09  Marine x2  
  137  8:10  Marine, Factory Tech Lab  
  137  8:12  Marine x2  
  140  8:14  Marine x2  
  140  8:17  Terran Infantry Armor Level 2, Terran Infantry Weapons Level 2  
  140  8:18  Marine  
  145  8:22  Widow Mine  
  147  8:27  Marine x4  
  147  8:30  Marine x2  
  147  8:31  Widow Mine x2  
  147  8:33  Marine x2  
  156  8:36  Marine  
  156  8:38  Medivac  
  158  8:45  Marine x3  
  158  8:47  Marine  
  158  8:48  Marine x2  
  157  8:49  Liberator  
  157  8:51  Marine x2  
  157  8:54  Marine  
  157  8:55  Drilling Claws  
  165  9:04  Marine x3, Supply Depot, Widow Mine  
  165  9:05  Marine  
  165  9:08  Liberator  
  165  9:09  Widow Mine x2  
  178  9:14  Marine  
  138  9:17  Marine x2  
  138  9:18  Marine x2  
  138  9:21  SCV x3  
  138  9:22  Marine x3  
  138  9:23  Marine  
  149  9:26  Planetary Fortress  
  151  9:32  Marine  
  151  9:33  SCV  
  151  9:35  Marine x2, Widow Mine, Medivac  
  161  9:39  Marine x4  
  161  9:40  Marine  
  161  9:41  Marine  
  159  9:49  Marine  
  156  9:52  Medivac  
  156  9:54  Barracks  
  156  9:55  Barracks  
  156  9:56  Barracks  
  159  10:01  Marine  
  159  10:03  Marine x2, Factory Tech Lab  
  159  10:05  Medivac  
  144  10:15  Marine x3  
  144  10:16  Marine  
  144  10:17  Marine x2  
  144  10:18  Orbital Command  
  144  10:19  Marine  
  144  10:21  Marine  
  122  10:22  Medivac  
  122  10:23  Marine  
  122  10:24  SCV x2  
  122  10:25  SCV  
  126  10:30  Supply Depot x2  
  126  10:34  Terran Infantry Armor Level 3, Terran Infantry Weapons Level 3  
  126  10:38  Orbital Command  
  122  10:49  Supply Depot  
  122  10:52  Marine x2  
  122  10:53  Supply Depot  
  122  10:54  Marine  
  122  10:55  Marine  
  122  10:56  Marine x2  
  124  10:58  Marine x2  
  124  11:03  Marine x2  
  124  11:11  Marine x5, Supply Depot, Siege Tank  
  131  11:13  Supply Depot  
  131  11:14  Marine, Liberator x2  
  131  11:15  Marine  
  131  11:17  Marine x3  
  140  11:19  Supply Depot  
  140  11:25  Supply Depot  
  140  11:28  Marine x3  
  140  11:29  Marine x2  
  140  11:30  Supply Depot  
  140  11:31  Supply Depot  
  145  11:39  Marine x5  
  147  11:41  Marine  
  147  11:42  Marine  
  147  11:46  Marine  
  153  11:47  Siege Tank  
  153  11:48  Marine  
  153  11:49  Marine  
  153  11:50  Marine x2  
  160  11:57  Marine x5, Liberator x2  
  160  11:59  Marine x2  
  173  12:04  Marine  
  173  12:05  Marine  
  173  12:06  Marine  
  173  12:08  Marine x2  
  177  12:15  Marine x3  
  181  12:19  Marine  
  181  12:20  Marine x3  
  181  12:22  Marine  
  184  12:23  Marine, Siege Tank  
  184  12:24  Marine  
  167  12:30  Marine  
  167  12:31  Marine  
  167  12:33  Marine x3  
  164  12:37  Marine x3  
  164  12:38  Orbital Command  
  164  12:39  Marine  
  164  12:40  Marine, Liberator x2  
  164  12:41  Marine  
  164  12:42  Marine  
  177  12:48  Marine x2  
  177  12:50  Marine  
  177  12:51  Marine x2  
  182  12:57  Marine x3  
  182  12:58  Marine x2  
  166  12:59  Marine  
  166  13:00  Marine  
  168  13:06  Marine x2, Siege Tank  
  168  13:08  Marine x3  
  176  13:15  Marine x5  
  176  13:17  Marine  
  176  13:18  Marine  
  174  13:24  Marine x2  
  174  13:26  Marine x3  
  176  13:33  Marine x5  
  181  13:34  Marine  
  181  13:36  Marine  
  181  13:38  Siege Tank  
  183  13:42  Marine x2  
  183  13:43  Liberator x2  
  183  13:44  Marine x3  
  185  13:51  Marine x3  
  188  14:04  Marine x6  
  188  14:08  Marine  
  188  14:16  Supply Depot x2  
  188  14:29  Marine x2  
  188  14:30  Marine x5  
  187  14:31  Siege Tank, Liberator  
  187  14:32  Liberator  
  187  14:35  Marine x2  
  187  14:38  Marine x3  
  148  14:47  Marine x2  
  148  14:48  Marine x5  
  155  14:53  Marine x2  
  155  14:56  Marine x3  
  160  15:00  Factory  
  160  15:03  Siege Tank  
  160  15:05  Marine x4  
  160  15:06  Marine x3  
  170  15:10  Marine x2  
  170  15:13  Marine  
  170  15:14  Marine x2, Liberator x2  
  179  15:22  Marine  
  179  15:23  Marine x3  
  179  15:24  Marine x3  
  184  15:28  Marine x2  
  184  15:31  Marine x2  
  184  15:32  Marine  
  188  15:40  Marine x2  
  188  15:41  Marine x3  
  188  15:42  Marine x2  
  179  15:43  Siege Tank  
  179  15:46  Marine x2  
  179  15:49  Marine x3  
  175  15:58  Marine x2  
  175  15:59  Marine x5  
  175  16:04  Marine x2  
  187  16:07  Marine x3  
Show
View Real Time Build Order
Export as new Build Order

Reynor Zerg 

Build Orders: Hatch First, Lurkers 

Get SALT Encoding   

  12  0:00  Drone  
  13  0:11  Overlord  
  13  0:16  Drone  
  14  0:30  Drone x2  
  16  0:48  Hatchery  
  15  0:51  Drone  
  15  0:54  Drone  
  17  0:57  Drone  
  18  1:08  Extractor  
  17  1:13  Spawning Pool  
  17  1:16  Drone  
  17  1:19  Drone  
  18  1:27  Drone  
  19  1:38  Drone  
  20  1:49  Overlord  
  20  2:00  Queen x2, Zergling x4  
  26  2:11  Metabolic Boost, Drone x2  
  28  2:21  Drone x2  
  30  2:36  Hatchery  
  29  2:38  Drone  
  29  2:40  Drone  
  31  2:46  Queen  
  31  2:51  Overlord  
  33  2:53  Drone  
  33  2:56  Drone  
  33  2:58  Drone  
  36  3:09  Drone x2  
  36  3:10  Drone x2  
  36  3:11  Overlord  
  40  3:16  Queen  
  40  3:19  Drone  
  43  3:23  Zergling x2  
  44  3:30  Drone  
  44  3:31  Zergling x2  
  46  3:36  Overlord  
  46  3:39  Drone  
  47  3:42  Queen  
  47  3:48  Queen, Drone x2  
  50  3:50  Drone  
  50  3:55  Queen  
  56  3:58  Zergling x6  
  56  4:00  Overlord  
  56  4:01  Drone x2  
  61  4:09  Drone x2  
  62  4:13  Drone  
  62  4:19  Drone  
  62  4:20  Queen  
  62  4:21  Drone  
  66  4:25  Drone  
  66  4:26  Queen, Drone x2  
  66  4:29  Overlord x2  
  71  4:36  Spore Crawler  
  70  4:42  Baneling Nest  
  69  4:46  Overlord  
  69  4:47  Drone x3  
  69  4:48  Drone x4  
  69  4:52  Overlord  
  76  4:55  Drone  
  76  4:56  Queen, Drone x2  
  81  5:01  Overlord  
  81  5:07  Lair, Spore Crawler  
  81  5:08  Drone x2  
  84  5:14  Zergling x2  
  84  5:15  Zergling x4  
  84  5:17  Overlord  
  84  5:20  Drone x3  
  90  5:23  Spore Crawler, Extractor, Drone  
  90  5:28  Drone x4  
  93  5:35  Overlord  
  93  5:37  Drone x3  
  93  5:39  Drone x2  
  95  5:43  Hatchery  
  95  5:48  Drone x2  
  96  5:50  Evolution Chamber  
  96  5:52  Evolution Chamber  
  96  5:53  Zergling x10  
  96  5:54  Spore Crawler x2  
  96  5:56  Zergling x4  
  99  5:57  Pneumatized Carapace  
  99  6:04  Baneling x5  
  99  6:06  Zergling x2  
  99  6:07  Drone x2  
  99  6:08  Extractor x2, Drone  
  99  6:09  Extractor, Drone x2  
  99  6:11  Extractor, Zergling x4  
  103  6:12  Zergling x4  
  103  6:16  Zergling x6  
  108  6:22  Overlord  
  107  6:33  Zergling x8, Centrifical Hooks  
  111  6:45  Drone  
  111  6:46  Drone x9  
  117  6:51  Zergling x2  
  117  6:54  Zergling x2  
  117  6:55  Zerg Melee Weapons Level 1, Zerg Ground Armor Level 1  
  117  6:56  Zergling x4  
  117  7:01  Zergling x2  
  119  7:03  Zergling x2  
  119  7:05  Zergling x2  
  120  7:09  Zergling x2, Baneling x7  
  120  7:10  Zergling x2  
  120  7:14  Zergling x2  
  123  7:17  Drone x2  
  123  7:18  Drone x2  
  123  7:21  Spore Crawler, Overlord  
  126  7:25  Burrow  
  126  7:27  Hatchery  
  126  7:28  Baneling x2  
  126  7:29  Baneling x4  
  125  7:30  Drone x2  
  127  7:39  Baneling x2  
  127  7:43  Zergling x16  
  135  7:44  Overlord  
  135  7:47  Overlord  
  135  7:56  Zergling x10  
  135  7:57  Zergling x2  
  136  8:00  Zergling x6  
  136  8:02  Overlord  
  136  8:04  Queen  
  134  8:06  Zergling x10  
  134  8:07  Zergling x2  
  139  8:13  Zergling x4, Infestation Pit  
  139  8:15  Zergling x2  
  139  8:18  Drone  
  139  8:19  Baneling x8, Hydralisk Den  
  141  8:22  Zergling x2  
  141  8:24  Drone  
  141  8:25  Zergling x2  
  144  8:29  Overlord  
  144  8:31  Spore Crawler  
  144  8:32  Zergling x2  
  143  8:37  Zergling x8  
  143  8:39  Zergling x2  
  143  8:40  Queen, Baneling x8  
  150  8:45  Zergling x16  
  151  8:50  Zerg Melee Weapons Level 2, Zerg Ground Armor Level 2, Hive  
  151  8:52  Muscular Augments  
  152  8:55  Zergling x6  
  152  8:58  Zergling x2  
  152  9:01  Overseer  
  152  9:02  Hydralisk x5  
  154  9:06  Extractor  
  162  9:14  Zergling x2  
  162  9:15  Zergling x18  
  146  9:18  Zergling x2  
  146  9:21  Hydralisk  
  151  9:24  Drone x4  
  151  9:31  Baneling x5  
  153  9:32  Zergling x14  
  153  9:33  Baneling x12  
  153  9:35  Zergling x6  
  163  9:39  Zergling x12  
  167  9:46  Zergling x4  
  167  9:48  Baneling x6  
  167  9:50  Zergling x2, Hydralisk x2  
  174  9:55  Overlord x2  
  171  10:07  Zergling x28  
  158  10:11  Baneling x7  
  158  10:15  Zergling x2, Hydralisk x2  
  158  10:16  Zergling x4  
  158  10:19  Hydralisk  
  158  10:20  Zergling x2  
  156  10:23  Baneling x2  
  156  10:24  Lurker Den  
  156  10:26  Viper  
  152  10:28  Drone  
  152  10:29  Queen, Drone x3  
  150  10:36  Zergling x6  
  150  10:37  Queen  
  150  10:39  Drone  
  151  10:44  Hydralisk  
  151  10:49  Drone x15  
  167  10:50  Zergling x6  
  167  10:54  Zergling x4  
  156  11:11  Zergling x16, Zerg Missile Weapons Level 1  
  163  11:12  Zerg Ground Armor Level 3  
  162  11:24  Lurker x6  
  168  11:25  Adaptive Talons  
  168  11:30  Drone  
  168  11:31  Drone x6  
  168  11:32  Extractor  
  172  11:35  Extractor, Spore Crawler x2  
  169  11:42  Lurker x2  
  169  11:43  Hydralisk x3  
  169  11:45  Zergling x10  
  181  11:48  Hatchery  
  181  11:49  Overlord  
  180  11:58  Overlord  
  180  11:59  Zergling x2  
  180  12:00  Zergling x4  
  181  12:03  Overlord  
  181  12:09  Zergling x16  
  189  12:18  Zergling x2  
  189  12:19  Zergling x16  
  198  12:23  Seismic Spines  
  182  12:32  Hatchery  
  182  12:33  Hydralisk x10  
  193  12:40  Viper x2  
  193  12:41  Zergling x8  
  199  12:52  Zergling x8  
  199  12:54  Overlord  
  199  12:57  Zergling x24  
  189  13:04  Lurker x6  
  194  13:09  Lurker  
  195  13:15  Zergling x10  
  195  13:19  Zergling x20  
  192  13:25  Hydralisk  
  177  13:37  Zergling x2, Hydralisk x3  
  177  13:38  Zergling x2, Baneling x10  
  179  13:43  Lurker x3  
  174  13:49  Zergling x8  
  174  13:50  Zergling x12  
  174  13:51  Baneling x2  
  174  13:52  Baneling x10  
  174  13:53  Zergling x6  
  180  13:57  Hydralisk  
  180  13:59  Queen, Hydralisk  
  179  14:03  Zergling x2, Hydralisk x2  
  182  14:11  Zergling x4  
  182  14:13  Zergling x4  
  182  14:14  Zergling x2  
  182  14:19  Zergling x2  
  182  14:21  Zergling x6  
  182  14:23  Overlord  
  183  14:29  Hydralisk  
  183  14:30  Zergling x12  
  160  14:35  Zergling x8, Hydralisk  
  160  14:36  Zergling x2  
  132  14:39  Hydralisk  
  132  14:40  Zergling x2  
  132  14:41  Queen  
  132  14:44  Queen  
  124  14:46  Hydralisk  
  124  14:47  Zergling x4  
  124  14:48  Hydralisk  
  130  14:52  Zergling x2  
  130  14:54  Hydralisk  
  130  14:55  Baneling Nest  
  130  14:57  Viper x3  
  130  14:58  Hydralisk x2  
  130  14:59  Queen  
  138  15:00  Zergling x2  
  138  15:06  Hydralisk x3  
  143  15:12  Spore Crawler x2, Hydralisk  
  143  15:13  Spore Crawler  
  142  15:16  Zergling x2  
  142  15:17  Zergling x2  
  142  15:18  Zergling x2  
  142  15:19  Zergling x4  
  142  15:21  Zergling x2  
  140  15:25  Zergling x2  
  140  15:26  Zergling x6  
  142  15:29  Zergling x4  
  142  15:32  Zergling x8  
  140  15:36  Zergling x4  
  140  15:41  Zergling x2  
  124  15:46  Zergling x4  
  124  15:49  Zergling x2  
  117  15:51  Zergling x2  
  117  15:53  Baneling x2  
  117  15:55  Baneling  
  117  15:57  Zergling x8, Baneling x6  
  114  16:01  Zergling x2  
  120  16:05  Zergling x4  
Tags
 
Add a new tag
Caveats
  • Supply blocks, unpowered buildings, or Contaminate may cause inaccurate times.
  • Supply counts are checked every 10 seconds.